 Dungeon Crawl Stone Soup version 0.30-a0-743-gbfdf073431 (webtiles) character file.

Game seed: 14548814393288152922

1057 Lavandula the Slicer (level 8, -1/53 (58) HPs)
             Began as a Human Monk on Feb 5, 2023.
             Was a Believer of Elyvilon.
             Slain by a wight
             ... wielding a +4 falchion
              (6 damage)
             ... on level 6 of the Dungeon.
             The game lasted 00:09:05 (5624 turns).

Lavandula the Slicer (Human Monk)                   Turns: 5624, Time: 00:09:06

HP:   -1/53 (58)    AC:  8    Str: 11    XL:     8   Next: 51%
MP:   8/8           EV: 11    Int: 11    God:    Elyvilon [**....]
Gold: 312           SH:  0    Dex: 18    Spells: 7/7 levels left

rFire   . . .      SeeInvis .    c - +0 dagger (elec)
rCold   . . .      Faith    .    i - orb {*Rage}
rNeg    . . .      Spirit   .    d - +0 ring mail
rPois   .          Reflect  .    s - +0 hat
rElec   .          Harm     .    t - +1 cloak
rCorr   .          Rampage  .    w - +0 pair of gloves
Will    .....      Rage     20%  (no boots)
Stlth   ++                       (no amulet)
HPRegen 0.28/turn                (no ring)
MPRegen 0.11/turn                (no ring)

@: drained
A: no striking features
a: Renounce Religion, Purification, Heal Other


You were on level 6 of the Dungeon.
You worshipped Elyvilon.
Elyvilon was pleased with you.
You visited 2 branches of the dungeon, and saw 7 of its levels.

You collected 312 gold pieces.

Inventory:

Hand Weapons
 a - a +0 falchion
 c - a +0 dagger of electrocution (weapon)
 j - a +1 dagger of freezing
 z - a +2 heavy long sword
Missiles
 g - 8 poisoned darts (quivered)
 o - 4 javelins
Armour
 b - a +0 helmet
 d - a +0 ring mail (worn)
 i - an orb of wrath (worn)
 s - a +0 hat (worn)
 t - a +1 cloak (worn)
 w - a +0 pair of gloves (worn)
 E - a +0 leather armour of positive energy
Jewellery
 e - a ring of flight
 l - a ring of ice
Wands
 u - a wand of polymorph (5)
Scrolls
 f - a scroll of magic mapping {unknown}
 h - 2 scrolls of fear {unknown}
 k - a scroll of torment {unknown}
 m - a scroll of blinking {unknown}
 n - a scroll of acquirement {unknown}
 p - 2 scrolls of teleportation {unknown}
 q - 2 scrolls of immolation {unknown}
 r - a scroll of vulnerability {unknown}
 v - 2 scrolls of amnesia {unknown}
 y - a scroll of fog {unknown}
 A - a scroll of enchant weapon {unknown}
Potions
 B - a potion of resistance {unknown}
 C - a potion of magic {unknown}
 D - a potion of lignification {unknown}
 F - a potion of mutation {unknown}
 G - a potion of attraction {unknown}


   Skills:
 - Level 3.0 Fighting
 + Level 8.1(8.9) Short Blades
 - Level 5.5(7.6) Long Blades
 - Level 3.0 Dodging
 - Level 2.0 Stealth


You had 7 spell levels left.
You didn't know any spells.
Your spell library contained the following spells:

 Spells                   Type           Power      Damage    Failure   Level
 Beastly Appendage        Tmut           0%         N/A       65%         1
 Sandblast                Erth           0%         2d4       65%         1
 Summon Small Mammal      Summ           0%         N/A       65%         1


Dungeon Overview and Level Annotations

Branches:
Dungeon (6/15)             Temple (1/1) D:4

Altars:
Ashenzari
Dithmenos
Elyvilon
Fedhas
Gozag
Hepliaklqana
Kikubaaqudgha
Nemelex Xobeh
Ru
Sif Muna
Trog
Uskayaw
Vehumet
Wu Jian
Xom
Yredelemnul
The Shining One

Annotations:
D:2 Sigmund


Message History

You destroy the wight!
The wight hits you with a +4 falchion.
* * * LOW HITPOINT WARNING * * *
You feel drained.
* * * LOW HITPOINT WARNING * * *
The gnoll barely misses you.
Your Short Blades skill increases to level 8!
Okay, then.
The howler monkey hoots and howls with incredible vigour!
The wight barely misses you.
You hear an angry hiss.
The wight attacks as you move away! The wight barely misses you.
The howler monkey hoots and howls with incredible vigour!
You hear a croak.
You hear an angry hiss.
The gnoll hits you but does no damage. The wight hits you with a +4 falchion.
* * * LOW HITPOINT WARNING * * *
There is an open door here.
The howler monkey hoots and howls with incredible vigour!
You hear an angry hiss.
You hear an angry growl.
The wight attacks as you move away! The wight barely misses you.
The howler monkey hoots and howls with incredible vigour!
You hear a croak.
You hear an angry hiss.
The wight attacks as you move away! The wight hits you with a +4 falchion!
* * * LOW HITPOINT WARNING * * *
You feel drained.
You feel better. The wight barely misses you.
The wight attacks as you move away! The wight hits you with a +4 falchion.
* * * LOW HITPOINT WARNING * * *
You feel drained.
* * * LOW HITPOINT WARNING * * *
Okay, then.
Okay, then.
Okay, then.
Okay, then.
The howler monkey hoots and howls with incredible vigour!
You hear an angry hiss.
You hear a croak.
The wight attacks as you move away! The wight hits you with a +4 falchion!
Elyvilon protects you from harm! The wight attacks as you move away!
The wight hits you with a +4 falchion.
You die...

###....######..####.#
#...## #g.....# #..##
#z###### #.## #h# ### #.#
#g# #.# ######### #z#
........# #@# .######.#
#.# .# #.########.#######
.######.#............<.#
.##.......#####........##
.##.###.### #...........
.##.......# ##........#
.##..##.#.# ##.#.....#
........#.# #.#######


You could see a howler monkey (catching breath), 2 wights and 2 gnolls.

Vanquished Creatures
  2 ice beasts
  A black bear (D:5)
  An ogre (D:5)
  A scorpion (D:6)
  3 wights (D:6)
  2 hounds
  A jelly (D:3)
  A gnoll bouda (D:5)
  3 iguanas
  Robin (D:2)
  7 gnolls (D:5)
  5 adders
  A shadow imp (D:5)
  An ufetubus (D:4)
  4 dart slugs
  13 orcs
  10 bats
  6 endoplasms
  7 giant cockroaches
  21 goblins
  16 hobgoblins
  2 quokkas (D:1)
  6 ball pythons
  2 frilled lizards
  5 kobolds
  7 rats
129 creatures vanquished.

Vanquished Creatures (others)
  4 plants (D:5)
4 creatures vanquished.

Grand Total: 133 creatures vanquished

Notes
Turn   | Place    | Note
-------+----------+-------------------------------------------
     0 | D:1      | Lavandula the Human Monk began the quest for the Orb.
     0 | D:1      | Reached XP level 1. HP: 18/18 MP: 1/1
   127 | D:1      | Reached XP level 2. HP: 24/24 MP: 2/2
   456 | D:1      | Reached XP level 3. HP: 29/29 MP: 3/3
  1284 | D:2      | Got Spellcraft for Neophytes
  1388 | D:2      | Noticed Robin
  1401 | D:2      | Reached XP level 4. HP: 35/35 MP: 4/4
  1420 | D:2      | Killed Robin
  1553 | D:2      | Reached skill level 5 in Long Blades
  1587 | D:2      | Noticed Sigmund
  1829 | D:3      | Reached XP level 5. HP: 10/41 MP: 5/5
  2222 | D:3      | Reached skill level 1 in Short Blades
  2415 | D:3      | Reached skill level 2 in Short Blades
  2843 | D:4      | Reached XP level 6. HP: 39/47 MP: 6/6
  3020 | D:4      | Reached skill level 3 in Short Blades
  3375 | D:4      | Found a staircase to the Ecumenical Temple.
  3503 | Temple   | Entered the Ecumenical Temple
  3565 | Temple   | Became a worshipper of Elyvilon the Healer
  3565 | Temple   | Reached * piety under Elyvilon
  3565 | Temple   | Reached ** piety under Elyvilon
  3795 | D:5      | Entered Level 5 of the Dungeon
  3838 | D:5      | Found a bloodstained altar of Trog.
  3844 | D:5      | Noticed an ogre
  4004 | D:5      | Killed an ogre
  4005 | D:5      | Reached skill level 4 in Short Blades
  4089 | D:5      | Reached XP level 7. HP: 44/52 MP: 7/7
  4267 | D:5      | Reached skill level 5 in Short Blades
  4339 | D:5      | Elyvilon protects you from harm!
  4578 | D:5      | Reached skill level 6 in Short Blades
  4762 | D:5      | Found a hazy altar of Hepliaklqana.
  5191 | D:5      | Reached XP level 8. HP: 58/58 MP: 8/8
  5413 | D:6      | Reached skill level 7 in Short Blades
  5550 | D:6      | Found a glowing golden altar of the Shining One.
  5604 | D:6      | Reached skill level 8 in Short Blades
  5613 | D:6      | HP: 1/56 [wight/+4 falchion (8)]
  5623 | D:6      | Elyvilon protects you from harm!
  5624 | D:6      | Slain by a wight

Illustrated notes

Levels and vault maps discovered:
D:1:      dpeg_arrival_connections, layout_basic, chequers_serial_rivers_large_a
D:2:      layout_loops_ring, uniq_natasha, uniq_robin, uniq_sigmund
D:3:      layout_loops_cross
D:4:      layout_loops_cross, minmay_temple_entry_poolview, dk_noncrumbling_3
D:5:      layout_cave_pools, nicolae_hepliaklqana_hazy_memory,
          trog_hazing_becter, minmay_pentangle
D:6:      layout_loops_corners, marbit_many_paths,
          nicolae_tso_swordbearing_angel
Temple:   compressed_dpeg_circular_temple

Skill      XL: |  1  2  3  4  5  6  7  8 |
---------------+-------------------------+-----
Long Blades    | 4 5 |  5.5
Short Blades   | 2 4 6 8 |  8.1
Fighting       | |  3.0
Dodging        | |  3.0
Stealth        | |  2.0

Action                     |  1- 3 |  4- 6 |  7- 9 || total
---------------------------+-------+-------+-------++-------
  Melee: Falchion          |   147 |    77 |       ||   224
         Punch             |     1 |     2 |     1 ||     4
         Dagger            |       |   163 |   143 ||   306
  Throw: Dart              |       |     1 |       ||     1
  Evoke: Wand              |       |     2 |       ||     2
    Use: Potion            |       |     4 |     1 ||     5
         Scroll            |       |     3 |       ||     3
   Stab: Sleeping          |     2 |     5 |     1 ||     8
 Armour: Robe              |     7 |       |       ||     7
         Ring mail         |    35 |    89 |    47 ||   171
  Dodge: Dodged            |    88 |   140 |    86 ||   314

Table legend: (Time is in decaauts)
 A = Elapsed time spent in this place.
 B = Non-inter-level travel time spent in this place.
 C = Inter-level travel time spent in this place.
 D = Time resting spent in this place.
 E = Time spent auto-exploring this place.
 F = Levels seen in this place.
 G = Mean time per level.
                   A        B        C        D        E       F      G
               +--------+--------+--------+--------+--------+-----+--------+
         Total |   5578 |   5410 |    168 |    527 |   3652 |   7 |  796.9 |
       Dungeon |   5505 |   5347 |    158 |    527 |   3609 |   6 |  917.5 |
        Temple |     72 |     62 |     10 |      0 |     43 |   1 |   72.0 |
               +--------+--------+--------+--------+--------+-----+--------+

Top non-repeatable levels by time:
     D:4: 1233 daAuts
     D:5: 1232 daAuts
     D:1: 1204 daAuts
     D:3: 1022 daAuts
     D:2: 492 daAuts
     D:6: 321 daAuts
  Temple: 72 daAuts
